AoeStats
← [Massa] Edo

Arena

507207903Analyzed
3v3 RM · 14d ago on Sep 17, 2026· 91m 15s· 6 players
Game mode
Random Map
Map size
Normal (6 player)
Population
200
Speed
Normal
Resources
Standard
Victory
Conquest
Starting age
Dark Age
Ending age
Imperial Age
RankedLock teamsTeams togetherTeam positionsShared explorationLock speedFull tech treeHidden civsTurbo modeCheats
Victory
Defeat
🇧🇷 Khmer · Brazil
1459
+19
🇺🇸 Vietnamese · United States
1455
+19
🇧🇷 Britons · Brazil
1428
+20
🇲🇽 Burgundians · Mexico
1534
-20
🇨🇴 Cumans · Colombia
1529
-20
🇨🇴 Bohemians · Colombia
1485
-18
[Massa] Edo
10:26 Feudal Age
13:38 Castle Age
11:36 Double-Bit Axe
12:33 Horse Collar
16:39 Bow Saw
20:37 Wheelbarrow
20:19 Heavy Plow
22:07 Gold Mining
22:51 Loom
24:31 Gold Shaft Mining
23:49 Stone Mining
27:25 Imperial Age
24:58 Husbandry
25:09 Bloodlines
24:21 Light Cavalry
25:12 Stone Mining
26:33 Scale Barding Armor
26:39 Forging
27:40 Devotion
28:41 Chain Barding Armor
29:17 Iron Casting
29:16 Hussar
30:24 Ballistics
30:08 Heavy Scorpion
31:55 Plate Barding Armor
32:47 Blast Furnace
32:29 Double Crossbow
33:31 Chemistry
33:21 Fletching
33:29 Murder Holes
34:00 Hand Cart
34:48 Siege Engineers
34:46 Bodkin Arrow
36:41 Padded Archer Armor
36:43 Bracer
37:34 Masonry
37:46 Conscription
39:01 Architecture
38:36 Town Watch
39:28 Stone Shaft Mining
39:26 Crop Rotation
40:25 Caravan
40:56 Coinage
44:19 Banking
82:00 Padded Archer Armor
83:03 Leather Archer Armor
82:11 Elite Skirmisher
83:47 Imperial Skirmisher
84:58 Ring Archer Armor
tg
11:01 Feudal Age
11:46 Feudal Age
12:59 Horse Collar
13:05 Double-Bit Axe
15:47 Castle Age
16:44 Heavy Plow
16:55 Bow Saw
20:30 Wheelbarrow
22:24 Hand Cart
23:09 Loom
26:18 Fletching
27:51 Gold Mining
31:39 Imperial Age
29:59 Gold Shaft Mining
29:16 Stone Mining
29:53 Bodkin Arrow
31:11 Ballistics
31:56 Padded Archer Armor
32:23 Bracer
33:53 Chemistry
33:52 Leather Archer Armor
33:41 Elite Longbowman
36:02 Two-Man Saw
37:38 Murder Holes
41:06 Coinage
41:40 Warwolf
41:51 Masonry
43:12 Banking
43:19 Conscription
43:30 Ring Archer Armor
43:58 Guilds
45:03 Scale Mail Armor
46:30 Pikeman
47:11 Squires
47:27 Chain Mail Armor
47:43 Halberdier
50:49 Capped Ram
52:49 Hoardings
54:44 Caravan
56:12 Light Cavalry
56:53 Husbandry
56:59 Scale Barding Armor
60:27 Chain Barding Armor
62:11 Plate Barding Armor
61:47 Forging
61:51 Town Watch
61:58 Man-at-Arms
62:23 Gambesons
62:27 Arson
63:35 Plate Mail Armor
62:55 Long Swordsman
63:42 Two-Handed Swordsman
65:24 Champion
71:50 Guard Tower
72:06 Siege Engineers
73:33 Architecture
74:31 Iron Casting
75:52 Treadmill Crane
78:32 Blast Furnace
86:49 Yeomen
88:18 Sappers
el_Feist
12:18 Feudal Age
15:57 Castle Age
14:33 Double-Bit Axe
15:13 Horse Collar
17:54 Fletching
21:25 Wheelbarrow
21:15 Scale Mail Armor
26:04 Chain Mail Armor
33:08 Loom
45:47 Caravan
47:58 Forging
48:22 Town Watch
49:36 Iron Casting
50:09 Stone Mining
50:12 Gold Mining
51:26 Hand Cart
52:43 Stone Shaft Mining
53:57 Pikeman
54:38 Squires
56:19 Ballistics
57:19 Bloodlines
57:09 Husbandry
56:30 Light Cavalry
57:17 Scale Barding Armor
61:05 Imperial Age
60:00 Coinage
60:31 Light Cavalry
61:25 Chatras
61:55 Chain Barding Armor
62:31 Plate Mail Armor
61:47 Halberdier
62:56 Bodkin Arrow
63:37 Plate Barding Armor
63:16 Elite Battle Elephant
63:59 Chatras
65:52 Chemistry
67:06 Bracer
67:07 Padded Archer Armor
67:29 Siege Engineers
67:46 Elite Skirmisher
68:42 Imperial Skirmisher
69:42 Leather Archer Armor
69:22 Elite Fire Lancer
72:44 Thumb Ring
74:46 Ring Archer Armor
79:05 Elite Fire Lancer
80:42 Arson
82:40 Guilds
83:15 Paper Money
87:52 Hoardings
91:16 Heavy Plow
andyf.1904
11:02 Feudal Age
10:41 Loom
11:59 Loom
15:37 Castle Age
14:48 Double-Bit Axe
19:25 Sanctity
22:43 Fervor
24:07 Horse Collar
26:11 Redemption
30:53 Wheelbarrow
32:05 Heavy Plow
36:32 Imperial Age
36:01 Hand Cart
35:51 Town Watch
36:31 Scale Mail Armor
36:41 Forging
37:41 Chain Mail Armor
36:48 Pikeman
36:58 Elite Hussite Wagon
39:52 Chemistry
40:00 Plate Mail Armor
38:55 Halberdier
40:10 Squires
40:38 Conscription
40:50 Siege Engineers
41:46 Bow Saw
42:05 Wagenburg Tactics
43:13 Iron Casting
43:23 Houfnice
44:20 Arson
45:57 Blast Furnace
62:17 Masonry
77:09 Caravan
86:06 Two-Man Saw
canodez
0:56 Loom
8:47 Double-Bit Axe
11:47 Feudal Age
16:37 Castle Age
14:50 Horse Collar
16:02 Bow Saw
18:24 Wheelbarrow
19:19 Scale Mail Armor
23:14 Light Cavalry
26:21 Scale Barding Armor
28:22 Elite Skirmisher
28:56 Fletching
29:26 Heavy Plow
31:26 Bodkin Arrow
35:59 Imperial Age
33:43 Masonry
33:54 Ballistics
34:10 Fortified Wall
34:09 Padded Archer Armor
37:10 Imperial Age
36:29 Leather Archer Armor
37:17 Murder Holes
37:38 Capped Ram
39:27 Chemistry
45:55 Husbandry
46:55 Gold Mining
48:52 Hand Cart
49:12 Chain Barding Armor
50:40 Chain Mail Armor
50:37 Forging
54:51 Bracer
54:48 Hussar
59:07 Plate Barding Armor
60:53 Caravan
60:26 Pikeman
62:04 Gold Shaft Mining
61:52 Town Watch
62:56 Cavalier
65:06 Plate Mail Armor
65:12 Iron Casting
84:48 Two-Man Saw
I like to play Random
9:46 Feudal Age
8:01 Loom
10:15 Double-Bit Axe
12:08 Horse Collar
20:12 Castle Age
18:32 Forging
18:29 Gold Mining
19:33 Scale Barding Armor
19:48 Bloodlines
21:34 Wheelbarrow
21:58 Bow Saw
22:32 Chain Barding Armor
23:18 Iron Casting
25:23 Gold Shaft Mining
27:43 Hand Cart
32:58 Imperial Age
32:29 Stone Mining
33:03 Cavalier
34:25 Plate Barding Armor
35:41 Blast Furnace
34:29 Town Watch
35:45 Two-Man Saw
36:37 Heavy Plow
36:57 Light Cavalry
39:29 Paladin
41:57 Onager
43:56 Ballistics
43:45 Hussar
46:58 Chemistry
46:06 Capped Ram
48:13 Siege Ram
50:39 Caravan
52:42 Fletching
52:52 Padded Archer Armor
54:08 Bodkin Arrow
54:29 Leather Archer Armor
55:06 Thumb Ring
63:07 Steppe Husbandry
63:27 Conscription
64:24 Ring Archer Armor
63:34 Pikeman
64:14 Squires
64:15 Scale Mail Armor
66:00 Parthian Tactics
67:06 Chain Mail Armor
68:10 Heavy Cavalry Archer
Connection lost

Rejoining the realm…

Still unreachable

The connection could not be restored.

Session expired

The server has moved on; the page needs a fresh start.